[Event "POL-chT 1 Liga 2019"]
[Site "Dzwirzyno"]
[Date "2019.09.08"]
[Round "2.1"]
[White "Nayhebaver, Martin"]
[Black "Sopur, Lech"]
[Result "1/2-1/2"]
[ECO "C95"]
[WhiteElo "2491"]
[BlackElo "2417"]
[Annotator "ChessBase"]
[PlyCount "78"]
[EventDate "2019.09.07"]
[EventType "team-tourn"]
[EventCountry "POL"]
[SourceTitle "playchess.com"]
[Source "ChessBase"]
[SourceQuality "1"]
[TimeControl "40/5400+30:1800+30"]

1. e4 e5 2. Nf3 Nc6 3. Bb5 a6 4. Ba4 Nf6 5. O-O b5 6. Bb3 Be7 7. Re1 d6 8. c3 O-O 9. h3 Nb8 10. d4 Nbd7 11. c4 b4 12. Bc2 c5 13. dxe5 dxe5 14. Nbd2 Bb7 15. Nf1 Ne8 16. Ba4 Nd6 17. Ng3 f6 18. a3 a5 19. Be3 Rc8 20. axb4 axb4 21. Nd2 Nb6 22. Bc2 Rf7 23. Ra7 Bf8 24. Qg4 Rcc7 25. Qe2 Bc8 26. Ra5 Be6 27. Rxc5 Rxc5 28. Bxc5 Ndxc4 29. Bxf8 Kxf8 30. Nxc4 Bxc4 31. Qe3 Qd4 32. Qc1 Be6 33. Rd1 Qc5 34. Rd8+ Ke7 35. Rg8 g6 36. Qd1 Rf8 37. Rg7+ Rf7 38. Rg8 Rf8 39. Rg7+ Rf7 1/2-1/2

[Event "POL-chT 1 Liga 2019"]
[Site "Dzwirzyno"]
[Date "2019.09.08"]
[Round "2.3"]
[White "Paszewski, Mateusz"]
[Black "Szmacinski, Slawomir"]
[Result "1-0"]
[ECO "D00"]
[WhiteElo "2297"]
[BlackElo "1848"]
[Annotator "NA"]
[PlyCount "83"]
[EventDate "2019.09.07"]
[EventType "team-tourn"]
[EventCountry "POL"]
[SourceTitle "playchess.com"]
[Source "ChessBase"]
[SourceQuality "1"]
[TimeControl "40/5400+30:1800+30"]

1. d4 d5 2. Bf4 Nf6 3. e3 e6 4. Nd2 c5 5. c3 Nc6 6. Bd3 Bd6 7. Bg3 O-O 8. Ngf3 Re8 9. Ne5 Qc7 10. f4 a6 11. Bh4 Be7 12. O-O b5 13. Qf3 c4 14. Bc2 Rb8 15. a3 g6 16. Qh3 Bb7 17. Ndf3 Ne4 18. Bxe4 dxe4 19. Ng5 Bxg5 20. Bxg5 f5 21. Bf6 Rbc8 22. Qh6 Nxe5 23. fxe5 Qf7 24. Kh1 Rc7 25. g4 Qf8 26. Qh3 Bc6 27. Rf2 Rf7 28. Rg1 Bd7 29. gxf5 Rxf6 30. fxg6 Rxg6 31. Rxg6+ hxg6 32. Rxf8+ Rxf8 33. Qg4 Kg7 34. Kg1 Rf7 35. Qxe4 a5 36. Qa8 a4 37. e4 g5 38. Qd8 Kh7 39. Kg2 g4 40. Kg3 Rg7 41. d5 exd5 42. exd5 1-0

[Event "POL-chT 1 Liga 2019"]
[Site "Dzwirzyno"]
[Date "2019.09.08"]
[Round "2.4"]
[White "Redlich, Bogdan"]
[Black "Ciesla, Adam"]
[Result "0-1"]
[ECO "A40"]
[WhiteElo "1600"]
[BlackElo "2273"]
[Annotator "NA"]
[PlyCount "68"]
[EventDate "2019.09.07"]
[EventType "team-tourn"]
[EventCountry "POL"]
[SourceTitle "playchess.com"]
[Source "ChessBase"]
[SourceQuality "1"]
[TimeControl "40/5400+30:1800+30"]

1. d4 g6 2. Nf3 Bg7 3. c4 c5 4. d5 d6 5. Nc3 e6 6. g3 Ne7 7. Bg2 exd5 8. cxd5 a6 9. a4 O-O 10. O-O h6 11. Nd2 Nd7 12. Nc4 Nb6 13. Na3 Bd7 14. a5 Nbc8 15. Nc4 Bb5 16. Qb3 Bxc4 17. Qxc4 b5 18. axb6 Nxb6 19. Qb3 Qc7 20. Qc2 Nf5 21. e3 Nd4 22. exd4 cxd4 23. Qd3 dxc3 24. bxc3 a5 25. Be3 Qc4 26. Rfd1 Qxd3 27. Rxd3 Nc4 28. Bd4 Rfc8 29. Bxg7 Kxg7 30. Rd4 Rc5 31. Bf1 Ne5 32. Rda4 Nd7 33. Rb1 Rxc3 34. Rb7 Nc5 0-1

[Event "POL-chT 1 Liga 2019"]
[Site "Dzwirzyno"]
[Date "2019.09.08"]
[Round "2.5"]
[White "Tomaszewski, Roman"]
[Black "Kelm, Robert"]
[Result "1-0"]
[ECO "E10"]
[WhiteElo "2195"]
[BlackElo "1585"]
[Annotator "NA"]
[PlyCount "105"]
[EventDate "2019.09.07"]
[EventType "team-tourn"]
[EventCountry "POL"]
[SourceTitle "playchess.com"]
[Source "ChessBase"]
[SourceQuality "1"]
[TimeControl "40/5400+30:1800+30"]

1. d4 Nf6 2. c4 e6 3. Nf3 d5 4. Qc2 Bb4+ 5. Nbd2 Ne4 6. e3 O-O 7. a3 Bxd2+ 8. Nxd2 f5 9. g3 a5 10. b3 Nd7 11. cxd5 exd5 12. Bd3 Rf6 13. f3 Nxd2 14. Bxd2 Nb6 15. a4 Qd6 16. Rc1 c6 17. Qc5 Qxc5 18. Rxc5 Be6 19. Rxa5 Rff8 20. Kf2 Kf7 21. Rxa8 Rxa8 22. h3 Nd7 23. g4 g6 24. Bb4 h6 25. Bd6 Nf6 26. Be5 Bd7 27. Bf4 Ng8 28. Kg3 Rc8 29. Rc1 Ra8 30. Rf1 Rc8 31. Rg1 Ra8 32. Rg2 Rc8 33. Rf2 Ra8 34. h4 Ke7 35. h5 fxg4 36. hxg6 gxf3 37. Rxf3 Be6 38. Be5 Rc8 39. Kh4 c5 40. dxc5 Rxc5 41. Bb2 Rc8 42. Ba3+ Kd7 43. Bb5+ Kc7 44. Bc5 b6 45. Ba3 Rd8 46. Rf7+ Kb8 47. Rg7 d4 48. Bb2 Bxb3 49. Bxd4 Rf8 50. Be5+ Kc8 51. Ba6+ Kd8 52. Bc7+ Ke8 53. Bb5# 1-0

[Event "POL-chT 1 Liga 2019"]
[Site "Dzwirzyno"]
[Date "2019.09.08"]
[Round "2.6"]
[White "Miturova, Magdalena"]
[Black "Lach, Aleksandra"]
[Result "0-1"]
[ECO "A04"]
[WhiteElo "2219"]
[BlackElo "2173"]
[Annotator "NA"]
[PlyCount "78"]
[EventDate "2019.09.07"]
[EventType "team-tourn"]
[EventCountry "POL"]
[SourceTitle "playchess.com"]
[Source "ChessBase"]
[SourceQuality "1"]
[TimeControl "40/5400+30:1800+30"]

1. Nf3 c5 2. c4 Nc6 3. Nc3 g6 4. e3 d6 5. d4 Bg4 6. Be2 Bg7 7. O-O Nf6 8. b3 O-O 9. Bb2 Bxf3 10. Bxf3 cxd4 11. exd4 Ne8 12. d5 Nd4 13. Be4 f5 14. Na4 Nxb3 15. Bxg7 Nxg7 16. axb3 fxe4 17. Qg4 e3 18. fxe3 Rf6 19. Qd4 Nf5 20. Qd3 a6 21. e4 Nh6 22. c5 dxc5 23. e5 Rf5 24. Rae1 b5 25. Nxc5 Qb6 26. b4 Rd8 27. Kh1 a5 28. Qe4 axb4 29. Ne6 Re8 30. Qh4 Qe3 31. Nf4 Qd2 32. Qxh6 Rh5 33. Re2 Qxe2 34. Nxe2 Rxh6 35. Nd4 Rh5 36. Nc6 Rf5 37. Rd1 b3 38. d6 exd6 39. exd6 Rd5 0-1

[Event "POL-chT 1 Liga 2019"]
[Site "Dzwirzyno"]
[Date "2019.09.08"]
[Round "2.8"]
[White "Lewtak, Damian"]
[Black "Godzwon, Iwo"]
[Result "1/2-1/2"]
[ECO "B40"]
[WhiteElo "2377"]
[BlackElo "2265"]
[Annotator "NA"]
[PlyCount "81"]
[EventDate "2019.09.07"]
[EventType "team-tourn"]
[EventCountry "POL"]
[SourceTitle "playchess.com"]
[Source "ChessBase"]
[SourceQuality "1"]
[TimeControl "40/5400+30:1800+30"]

1. e4 c5 2. Nf3 e6 3. b3 Nc6 4. Bb2 d5 5. Bb5 dxe4 6. Ne5 Bd7 7. Bxc6 Bxc6 8. Nxc6 bxc6 9. Qe2 Nf6 10. Nc3 Be7 11. Nxe4 O-O 12. O-O Nxe4 13. Qxe4 Qxd2 14. Rad1 Qb4 15. c4 Rfd8 16. Qxc6 Qb6 17. Qf3 Qa5 18. a3 Bf8 19. g3 Qb6 20. Rxd8 Rxd8 21. Rd1 f6 22. Rxd8 Qxd8 23. Bc3 Qb6 24. Qd1 Be7 25. Qd7 Kf8 26. b4 cxb4 27. axb4 Bxb4 28. Bd4 Qd6 29. Qxa7 Qe7 30. Qb8+ Kf7 31. Qb5 Qd6 32. Be3 g5 33. h4 h6 34. Kh2 Bc3 35. Qb7+ Qe7 36. Qf3 Qb4 37. hxg5 hxg5 38. Qe4 Be5 39. Qh7+ Ke8 40. c5 Qh4+ 41. Qxh4 1/2-1/2

[Event "POL-chT 1 Liga 2019"]
[Site "Dzwirzyno"]
[Date "2019.09.08"]
[Round "2.10"]
[White "Reza, Wojciech"]
[Black "Kowalski, Maciej"]
[Result "1-0"]
[ECO "A30"]
[WhiteElo "2293"]
[BlackElo "2095"]
[Annotator "NA"]
[PlyCount "79"]
[EventDate "2019.09.07"]
[EventType "team-tourn"]
[EventCountry "POL"]
[SourceTitle "playchess.com"]
[Source "ChessBase"]
[SourceQuality "1"]
[TimeControl "40/5400+30:1800+30"]

1. c4 c5 2. Nf3 Nc6 3. d4 cxd4 4. Nxd4 Nf6 5. g3 g6 6. Bg2 Bg7 7. Nc3 O-O 8. Nc2 d6 9. O-O Qa5 10. Qd2 Qh5 11. Qg5 Na5 12. b3 Bd7 13. Qxh5 Nxh5 14. Bd2 Bc6 15. e4 b6 16. Rac1 e6 17. Rfd1 Rac8 18. Nb4 Rfd8 19. Bg5 Rd7 20. Nb5 Bf8 21. Nxc6 Nxc6 22. Rd2 Ng7 23. Rcd1 Ne8 24. Bf4 e5 25. Be3 Rcd8 26. Bh3 Rb7 27. Bg5 Ra8 28. Bf1 a6 29. Nc3 Nd4 30. Kg2 Nc7 31. Be3 Nce6 32. f3 h5 33. Kf2 Kh7 34. Bh3 f5 35. exf5 gxf5 36. Ne2 Bh6 37. Bxd4 Bxd2 38. Bxf5+ Kg7 39. Bxe6 exd4 40. Rxd2 1-0

[Event "POL-chT 1 Liga 2019"]
[Site "Dzwirzyno"]
[Date "2019.09.08"]
[Round "2.11"]
[White "Rogala, Milosz"]
[Black "Renkowski, Piotr"]
[Result "0-1"]
[ECO "C44"]
[WhiteElo "1788"]
[BlackElo "2179"]
[Annotator "NA"]
[PlyCount "68"]
[EventDate "2019.09.07"]
[EventType "team-tourn"]
[EventCountry "POL"]
[SourceTitle "playchess.com"]
[Source "ChessBase"]
[SourceQuality "1"]
[TimeControl "40/5400+30:1800+30"]

1. e4 e5 2. Nf3 Nc6 3. d4 exd4 4. Bc4 Bc5 5. Ng5 Nh6 6. Nxf7 Nxf7 7. Bxf7+ Kxf7 8. Qh5+ g6 9. Qxc5 d5 10. Qxd5+ Qxd5 11. exd5 Nb4 12. Na3 Re8+ 13. Kd1 Bf5 14. Bd2 Nxd5 15. Nb5 Rad8 16. Re1 Ne3+ 17. fxe3 dxe3 18. Rxe3 Rxe3 19. Nc3 b5 20. Kc1 Re6 21. a3 a5 22. b4 a4 23. Bg5 Re1+ 24. Kb2 Rxa1 25. Bxd8 Rg1 26. Nxb5 Rxg2 27. Nd4 c6 28. Bc7 Be4 29. Be5 h5 30. Kc3 g5 31. Bg3 h4 32. Bc7 g4 33. Be5 h3 34. Kc4 g3 0-1

[Event "POL-chT 1 Liga 2019"]
[Site "Dzwirzyno"]
[Date "2019.09.08"]
[Round "2.12"]
[White "Jablonska, Sabina"]
[Black "Gosciniak, Maria"]
[Result "1-0"]
[ECO "A40"]
[WhiteElo "1928"]
[BlackElo "2132"]
[Annotator "NA"]
[PlyCount "127"]
[EventDate "2019.09.07"]
[EventType "team-tourn"]
[EventCountry "POL"]
[SourceTitle "playchess.com"]
[Source "ChessBase"]
[SourceQuality "1"]
[TimeControl "40/5400+30:1800+30"]

1. d4 g6 2. e4 c6 3. Nf3 d5 4. exd5 cxd5 5. c4 Bg7 6. Nc3 Nf6 7. c5 O-O 8. Bd3 Bg4 9. Bf4 Nc6 10. Be2 Bxf3 11. Bxf3 a6 12. O-O e6 13. Rb1 Nd7 14. Ne2 g5 15. Bd6 Re8 16. b4 Qf6 17. Qd2 b5 18. Rfd1 Nf8 19. Rb3 Ng6 20. g3 Nge7 21. Bh5 Nf5 22. Rf3 Ncxd4 23. Nxd4 Qxd4 24. Qxd4 Nxd4 25. Bxf7+ Kh8 26. Rfd3 Nc6 27. Bxe8 Rxe8 28. a3 Kg8 29. Re1 Kf7 30. Rf3+ Kg6 31. Rd3 Kf7 32. f4 gxf4 33. gxf4 Bd4+ 34. Kg2 Rg8+ 35. Rg3 Rxg3+ 36. hxg3 Bb2 37. Re3 h5 38. Kh3 Bd4 39. Re2 Bf6 40. Rd2 Kg6 41. g4 hxg4+ 42. Kxg4 Bc3 43. Rd3 Bb2 44. Re3 Kf7 45. Be5 Bxe5 46. fxe5 a5 47. bxa5 Nxa5 48. Kf4 Ke7 49. Rc3 Kd7 50. Kg5 Kc6 51. Kf6 d4 52. Rh3 Nb7 53. Kxe6 Nxc5+ 54. Kf5 d3 55. Rh2 Kd5 56. Rd2 Kd4 57. e6 Nxe6 58. Kxe6 Kc3 59. Rd1 Kc2 60. Rh1 Kb3 61. Kd5 Kxa3 62. Rh3 Kb2 63. Rxd3 Kc2 64. Rh3 1-0

[Event "POL-chT 1 Liga 2019"]
[Site "Dzwirzyno"]
[Date "2019.09.08"]
[Round "2.16"]
[White "Nowak, Mikolaj"]
[Black "Walter, Szymon"]
[Result "1-0"]
[ECO "A50"]
[WhiteElo "2262"]
[BlackElo "2311"]
[Annotator "NA"]
[PlyCount "91"]
[EventDate "2019.09.07"]
[EventType "team-tourn"]
[EventCountry "POL"]
[SourceTitle "playchess.com"]
[Source "ChessBase"]
[SourceQuality "1"]
[TimeControl "40/5400+30:1800+30"]

1. d4 Nf6 2. c4 Nc6 3. Nf3 e6 4. Bf4 d6 5. Nc3 g6 6. e3 Bg7 7. h3 O-O 8. Be2 Qe8 9. O-O e5 10. Bh2 Bf5 11. d5 Ne7 12. Nd2 h5 13. b4 a5 14. bxa5 Rxa5 15. e4 Bd7 16. Nb3 Ra8 17. c5 Nh7 18. a4 f5 19. Nb5 Qb8 20. cxd6 cxd6 21. f3 Bh6 22. Kh1 Nf6 23. Qb1 h4 24. Qe1 Bg5 25. Qb4 Bxb5 26. Bxb5 Nh5 27. Na5 Be3 28. Nc4 Bc5 29. Qe1 g5 30. Qc1 f4 31. Nxe5 Be3 32. Qa3 Bc5 33. Qc1 Be3 34. Qa3 Bc5 35. Qc3 Qa7 36. Nd7 Bd4 37. Qa3 Bxa1 38. Nxf8 Rxf8 39. Qxa1 Rc8 40. Bd7 Rc2 41. Be6+ Kh7 42. Bg4 Ng3+ 43. Bxg3 hxg3 44. Qf6 b5 45. Qf7+ Kh8 46. Bf5 1-0

[Event "POL-chT 1 Liga 2019"]
[Site "Dzwirzyno"]
[Date "2019.09.08"]
[Round "2.18"]
[White "Cieslak, Wiktoria"]
[Black "Malicka, Maria"]
[Result "1/2-1/2"]
[ECO "C54"]
[WhiteElo "2063"]
[BlackElo "2095"]
[Annotator "NA"]
[PlyCount "132"]
[EventDate "2019.09.07"]
[EventType "team-tourn"]
[EventCountry "POL"]
[SourceTitle "playchess.com"]
[Source "ChessBase"]
[SourceQuality "1"]
[TimeControl "40/5400+30:1800+30"]

1. e4 e5 2. Nf3 Nc6 3. Bc4 Bc5 4. c3 Nf6 5. d4 exd4 6. cxd4 Bb4+ 7. Nbd2 Nxe4 8. d5 Ne7 9. O-O Nxd2 10. Bxd2 Bxd2 11. d6 cxd6 12. Qxd2 O-O 13. Qxd6 Nf5 14. Qf4 d6 15. Rad1 Be6 16. Bd3 Qf6 17. Bxf5 Qxf5 18. Qxf5 Bxf5 19. Rxd6 Rfd8 20. Rfd1 Rxd6 21. Rxd6 Rc8 22. h3 Kf8 23. Nd4 Be4 24. Nb5 Rc1+ 25. Kh2 Rc2 26. Nc3 Bc6 27. Nd1 Ke7 28. Rd4 Ke6 29. Kg3 Ke5 30. Rd8 f5 31. Rf8 g5 32. Rxf5+ Kxf5 33. Ne3+ Ke4 34. Nxc2 Bd7 35. Ne1 Be6 36. a3 a5 37. h4 g4 38. h5 Kf5 39. Kh4 h6 40. Nc2 Kf4 41. Ne3 a4 42. Nf1 Ke4 43. Nh2 Kd3 44. Nxg4 Kc2 45. Nxh6 Kxb2 46. f4 Kxa3 47. f5 Bd5 48. f6 Kb3 49. f7 Bxf7 50. Nxf7 a3 51. h6 a2 52. h7 a1=Q 53. h8=Q Qh1+ 54. Kg3 Qxh8 55. Nxh8 b5 56. Kf4 b4 57. g4 Kc3 58. g5 b3 59. g6 b2 60. g7 b1=Q 61. g8=Q Qf1+ 62. Ke5 Qe2+ 63. Kf6 Qf2+ 64. Kg7 Qd4+ 65. Kh7 Qh4+ 66. Kg7 Qd4+ 1/2-1/2

[Event "POL-chT 1 Liga 2019"]
[Site "Dzwirzyno"]
[Date "2019.09.08"]
[Round "2.19"]
[White "Kolago, Marcin"]
[Black "Antoniewski, Rafal"]
[Result "1/2-1/2"]
[ECO "B15"]
[WhiteElo "2340"]
[BlackElo "2497"]
[Annotator "ChessBase"]
[PlyCount "81"]
[EventDate "2019.09.07"]
[EventType "team-tourn"]
[EventCountry "POL"]
[SourceTitle "playchess.com"]
[Source "ChessBase"]
[SourceQuality "1"]
[TimeControl "40/5400+30:1800+30"]

1. e4 c6 2. d4 d5 3. Nd2 dxe4 4. Nxe4 Nf6 5. Nxf6+ exf6 6. Nf3 Bd6 7. Be2 O-O 8. O-O Re8 9. Re1 Nd7 10. Bd3 Rxe1+ 11. Qxe1 Nf8 12. Bd2 Bg4 13. Qe4 Bxf3 14. Qxf3 Qb6 15. Bc3 Re8 16. d5 cxd5 17. Qxd5 Bc5 18. Rf1 Rd8 19. Qf5 Bb4 20. Bxb4 Qxb4 21. Rb1 b6 22. h3 Qd4 23. Qe4 Qxe4 24. Bxe4 Ne6 25. Kf1 g6 26. Bf3 Rd2 27. Bd1 Nf4 28. Ke1 Rd5 29. Bf3 Rg5 30. Kf1 Rc5 31. c3 Kf8 32. Rd1 Ke7 33. Rd4 Ne6 34. Rd5 Rc7 35. g3 Nc5 36. Rd4 f5 37. Ke2 Ne6 38. Rd5 h5 39. Kd2 Kf6 40. h4 f4 41. b4 1/2-1/2

[Event "POL-chT 1 Liga 2019"]
[Site "Dzwirzyno"]
[Date "2019.09.08"]
[Round "2.22"]
[White "Bartel, Michal"]
[Black "Jaroch, Karol"]
[Result "1/2-1/2"]
[ECO "D02"]
[WhiteElo "2291"]
[BlackElo "2236"]
[Annotator "NA"]
[PlyCount "108"]
[EventDate "2019.09.07"]
[EventType "team-tourn"]
[EventCountry "POL"]
[SourceTitle "playchess.com"]
[Source "ChessBase"]
[SourceQuality "1"]
[TimeControl "40/5400+30:1800+30"]

1. d4 d5 2. Nf3 Nf6 3. Bf4 e6 4. e3 Be7 5. Bd3 c5 6. c3 O-O 7. Ne5 Nc6 8. Nd2 Nxe5 9. dxe5 Nd7 10. Qh5 f5 11. h4 Rf7 12. Nf3 c4 13. Bc2 Qb6 14. Rb1 Nc5 15. O-O Qa6 16. Ra1 Bd7 17. Nd4 g6 18. Qh6 Qb6 19. b3 cxb3 20. axb3 Rc8 21. c4 dxc4 22. bxc4 a6 23. f3 Qd8 24. Bg5 Bf8 25. Bxd8 Bxh6 26. Bg5 Bg7 27. Bf4 b5 28. cxb5 Bxb5 29. Rfb1 Rb7 30. Bg3 Kf7 31. f4 Rcb8 32. Be1 Bf8 33. Rd1 Be7 34. Rac1 Be8 35. Kh2 h6 36. Kh3 g5 37. hxg5 hxg5 38. g4 fxg4+ 39. Kxg4 gxf4 40. exf4 Ba4 41. Bxa4 Nxa4 42. f5 Rg8+ 43. Kf3 exf5 44. e6+ Kg6 45. Bd2 Kf6 46. Rh1 Bc5 47. Rh6+ Rg6 48. Rxg6+ Kxg6 49. Rg1+ Kf6 50. Bg5+ Ke5 51. Nc6+ Kd6 52. e7 Rxe7 53. Bxe7+ Kxc6 54. Bxc5 Nxc5 {[%emt 0:00:15] Ke4} 1/2-1/2

[Event "POL-chT 1 Liga 2019"]
[Site "Dzwirzyno"]
[Date "2019.09.08"]
[Round "2.23"]
[White "Samborski, Henryk"]
[Black "Sliwerski, Radoslaw"]
[Result "1/2-1/2"]
[ECO "B98"]
[WhiteElo "2098"]
[BlackElo "2078"]
[Annotator "NA"]
[PlyCount "67"]
[EventDate "2019.09.07"]
[EventType "team-tourn"]
[EventCountry "POL"]
[SourceTitle "playchess.com"]
[Source "ChessBase"]
[SourceQuality "1"]
[TimeControl "40/5400+30:1800+30"]

1. e4 c5 2. Nf3 d6 3. d4 cxd4 4. Nxd4 Nf6 5. Nc3 a6 6. Bg5 e6 7. f4 Be7 8. Qe2 h6 9. Bxf6 Bxf6 10. O-O-O Nd7 11. e5 dxe5 12. Nxe6 fxe6 13. Qh5+ Kf8 14. fxe5 Qa5 15. Bb5 axb5 16. exf6 b4 17. Nb5 Nxf6 18. Rhf1 Ke7 19. Qg6 Rf8 20. Qxg7+ Rf7 21. Qg3 Ra6 22. Nd6 Rxd6 23. Qxd6+ Ke8 24. Rfe1 Re7 25. Kb1 Nd5 26. Re5 Qd8 27. Rexd5 exd5 28. Qg6+ Rf7 29. Re1+ Kf8 30. Qxh6+ Kg8 31. Qg6+ Kf8 32. Qh6+ Kg8 33. Qg6+ Kf8 34. Qh6+ 1/2-1/2

[Event "POL-chT 1 Liga 2019"]
[Site "Dzwirzyno"]
[Date "2019.09.08"]
[Round "2.25"]
[White "Golubka, Petro"]
[Black "Chylewski, Patryk"]
[Result "1/2-1/2"]
[ECO "B18"]
[WhiteElo "2479"]
[BlackElo "2342"]
[Annotator "ChessBase"]
[PlyCount "41"]
[EventDate "2019.09.07"]
[EventType "team-tourn"]
[EventCountry "POL"]
[SourceTitle "playchess.com"]
[Source "ChessBase"]
[SourceQuality "1"]
[TimeControl "40/5400+30:1800+30"]

1. e4 c6 2. d4 d5 3. Nd2 dxe4 4. Nxe4 Bf5 5. Ng3 Bg6 6. h4 h6 7. Nf3 e6 8. h5 Bh7 9. Bd3 Bxd3 10. Qxd3 Nf6 11. Be3 Qa5+ 12. Bd2 Qb6 13. O-O-O Qa6 14. Qxa6 Nxa6 15. Ne5 c5 16. Be3 cxd4 17. Bxd4 Bc5 18. Rh4 O-O 19. Bxc5 Nxc5 20. Rhd4 Rac8 21. b3 1/2-1/2

[Event "POL-chT 1 Liga 2019"]
[Site "Dzwirzyno"]
[Date "2019.09.08"]
[Round "2.26"]
[White "Cyborowski, Lukasz"]
[Black "Zezulkin, Jurij"]
[Result "*"]
[ECO "A58"]
[WhiteElo "2509"]
[BlackElo "2434"]
[Annotator "RC"]
[PlyCount "26"]
[EventDate "2019.09.07"]
[EventType "team-tourn"]
[EventCountry "POL"]
[SourceTitle "playchess.com"]
[Source "ChessBase"]
[SourceQuality "1"]
[TimeControl "40/5400+30:1800+30"]

1. d4 Nf6 2. c4 c5 3. d5 b5 4. cxb5 a6 5. bxa6 g6 6. Nc3 Bxa6 7. e4 Bxf1 8. Kxf1 d6 9. g3 Bg7 10. Kg2 O-O 11. Nf3 Qb6 12. a4 Na6 13. Nd2 Nc7 *

[Event "POL-chT 1 Liga 2019"]
[Site "Dzwirzyno"]
[Date "2019.09.08"]
[Round "2.26"]
[White "Kowalski, Igor"]
[Black "Kislinsky, Alexey"]
[Result "0-1"]
[ECO "A59"]
[WhiteElo "2364"]
[BlackElo "2436"]
[Annotator "RC"]
[PlyCount "94"]
[EventDate "2019.09.07"]
[EventType "team-tourn"]
[EventCountry "POL"]
[SourceTitle "playchess.com"]
[Source "ChessBase"]
[SourceQuality "1"]
[TimeControl "40/5400+30:1800+30"]

1. d4 Nf6 2. c4 c5 3. d5 b5 4. cxb5 a6 5. bxa6 g6 6. Nc3 Bxa6 7. e4 Bxf1 8. Kxf1 d6 9. g3 Bg7 10. Kg2 O-O 11. Nf3 Qb6 12. a4 Na6 13. Nd2 Nc7 14. Re1 Rfb8 15. f4 Qa6 16. Nf3 Nd7 17. Qc2 Rb4 18. h4 Nf6 19. Rb1 e6 20. dxe6 Nxe6 21. b3 c4 22. Ba3 cxb3 23. Rxb3 Rc4 24. Qd3 Nh5 25. Nd5 Rxa4 26. Qxa6 R4xa6 27. Ree3 Bd4 28. Nxd4 Nxd4 29. Nc7 Nxb3 30. Nxa6 Nd2 31. Nc7 Ra4 32. Nb5 Nxe4 33. Nxd6 Nhxg3 34. Rb3 Nxd6 35. Bxd6 Ne4 36. Rb8+ Kg7 37. Bf8+ Kf6 38. Kf3 Nd2+ 39. Ke2 Nc4 40. Kd3 h5 41. Rb5 Na5 42. Bh6 Nc6 43. Rb6 Rd4+ 44. Ke3 Rd6 45. Rb7 Nd4 46. Ke4 Nf5 47. Bg5+ Ke6 0-1

[Event "POL-chT 1 Liga 2019"]
[Site "Dzwirzyno"]
[Date "2019.09.08"]
[Round "2.28"]
[White "Bartel, Michal"]
[Black "Jaroch, Karol"]
[Result "*"]
[WhiteElo "2291"]
[BlackElo "2236"]
[Annotator "NA"]
[PlyCount "22"]
[EventDate "2019.09.07"]
[EventType "team-tourn"]
[EventCountry "POL"]
[SourceTitle "playchess.com"]
[Source "ChessBase"]
[SourceQuality "1"]
[TimeControl "40/5400+30:1800+30"]

1. e4 e5 2. Nf3 Nc6 3. Bb5 a6 4. Ba4 Nf6 5. O-O Be7 6. Re1 b5 7. Bb3 d6 8. c3 O-O 9. h3 Re8 10. d3 Na5 11. Bc2 c5 *

[Event "POL-chT 1 Liga 2019"]
[Site "Dzwirzyno"]
[Date "2019.09.08"]
[Round "2.29"]
[White "Kucza, Karol"]
[Black "Rozycki, Bartlomiej"]
[Result "1/2-1/2"]
[ECO "B18"]
[WhiteElo "2280"]
[BlackElo "2200"]
[Annotator "NA"]
[PlyCount "49"]
[EventDate "2019.09.07"]
[EventType "team-tourn"]
[EventCountry "POL"]
[SourceTitle "playchess.com"]
[Source "ChessBase"]
[SourceQuality "1"]
[TimeControl "40/5400+30:1800+30"]

1. e4 c6 2. d4 d5 3. Nc3 dxe4 4. Nxe4 Bf5 5. Qf3 e6 6. c3 Nf6 7. Nxf6+ Qxf6 8. Ne2 Bd6 9. Ng3 Bg6 10. Qxf6 gxf6 11. Bh6 Nd7 12. Be2 O-O-O 13. O-O Bf8 14. Bxf8 Rhxf8 15. f4 f5 16. Rad1 Nf6 17. Bf3 Nd5 18. Bxd5 Rxd5 19. Kf2 Rfd8 20. Ke3 c5 21. Rf2 cxd4+ 22. Rxd4 Rxd4 23. cxd4 Kd7 24. Rc2 f6 25. Ne2 1/2-1/2

[Event "POL-chT 1 Liga 2019"]
[Site "Dzwirzyno"]
[Date "2019.09.08"]
[Round "2.29"]
[White "Samborski, Henryk"]
[Black "Sliwerski, Radoslaw"]
[Result "*"]
[WhiteElo "2098"]
[BlackElo "2078"]
[Annotator "NA"]
[PlyCount "20"]
[EventDate "2019.09.07"]
[EventType "team-tourn"]
[EventCountry "POL"]
[SourceTitle "playchess.com"]
[Source "ChessBase"]
[SourceQuality "1"]
[TimeControl "40/5400+30:1800+30"]

1. e4 c6 2. d4 d5 3. Nc3 dxe4 4. Nxe4 Bf5 5. Qf3 e6 6. c3 Nf6 7. Nxf6+ Qxf6 8. Ne2 Bd6 9. Ng3 Bg6 10. Qxf6 gxf6 *

[Event "POL-chT 1 Liga 2019"]
[Site "Dzwirzyno"]
[Date "2019.09.08"]
[Round "2.30"]
[White "Kulon, Klaudia"]
[Black "Worek, Joanna"]
[Result "*"]
[ECO "A62"]
[WhiteElo "2339"]
[BlackElo "2308"]
[Annotator "NA"]
[PlyCount "20"]
[EventDate "2019.09.07"]
[EventType "team-tourn"]
[EventCountry "POL"]
[SourceTitle "playchess.com"]
[Source "ChessBase"]
[SourceQuality "1"]
[TimeControl "40/5400+30:1800+30"]

1. d4 Nf6 2. c4 c5 3. d5 e6 4. Nc3 exd5 5. cxd5 d6 6. g3 g6 7. Bg2 Bg7 8. Nf3 O-O 9. O-O Re8 10. Re1 Ne4 *

[Event "POL-chT 1 Liga 2019"]
[Site "Dzwirzyno"]
[Date "2019.09.08"]
[Round "2.30"]
[White "Moscicka, Pola"]
[Black "Kantane, Anna"]
[Result "0-1"]
[ECO "A62"]
[WhiteElo "1994"]
[BlackElo "2273"]
[Annotator "NA"]
[PlyCount "92"]
[EventDate "2019.09.07"]
[EventType "team-tourn"]
[EventCountry "POL"]
[SourceTitle "playchess.com"]
[Source "ChessBase"]
[SourceQuality "1"]
[TimeControl "40/5400+30:1800+30"]

1. d4 Nf6 2. c4 c5 3. d5 e6 4. Nc3 exd5 5. cxd5 d6 6. g3 g6 7. Bg2 Bg7 8. Nf3 O-O 9. O-O Re8 10. Re1 Ne4 11. Nxe4 Rxe4 12. Qc2 Re8 13. e4 Na6 14. Bg5 Qb6 15. Qa4 Bg4 16. Rab1 Nb4 17. Nd2 Qc7 18. Qb3 a5 19. a4 b5 20. axb5 a4 21. Qc4 Bd7 22. Bf1 Reb8 23. Qc1 Bxb5 24. Bxb5 Rxb5 25. Qc4 Rb7 26. Nf3 Qd7 27. Bd2 Qb5 28. Qxb5 Rxb5 29. Bxb4 Rxb4 30. e5 dxe5 31. Nxe5 Bxe5 32. Rxe5 a3 33. Re2 c4 34. Ra1 a2 35. d6 Kf8 36. Kg2 Rb7 37. Kf3 Rd7 38. Rd2 Ke8 39. Ke4 Ra6 40. Ke5 Ra5+ 41. Rd5 Ra4 42. Rc5 Rb7 43. Kf6 Rxb2 44. d7+ Kd8 45. Kxf7 Rb1 46. Ke6 Ra6+ 0-1